 Dungeon Crawl Stone Soup version 0.29.1-2-gbd0b4ee654 (webtiles) character file.

Game seed: 12278695409315387162

1468 Araneus the Martial Artist (level 8, 0/58 HPs)
             Began as a Demonspawn Monk on Oct 27, 2022.
             Slain by a centaur
             ... wielding a +0 vorpal war axe
              (1 damage)
             ... on level 7 of the Dungeon.
             The game lasted 00:11:30 (6042 turns).

Araneus the Martial Artist (Demonspawn Monk)        Turns: 6042, Time: 00:11:30

Health: 0/58       AC:  9    Str: 13    XL:     8   Next: 48%
Magic:  8/8        EV: 13    Int: 12    God:
Gold:   364        SH:  6    Dex: 16    Spells: 7/7 levels left

rFire   + . .      SeeInvis .     - Unarmed
rCold   . . .      Faith    .   (no shield)
rNeg    . . .      Spirit   .   j - +0 leather armour {rF+}
rPois   +          Reflect  .   q - +0 helmet
rElec   .          Harm     .   m - +0 cloak
rCorr   .          Rampage  .   (no gloves)
Will    .....                   (no boots)
Stlth   ++........              (no amulet)
HPRegen 0.19/turn               k - ring of poison resistance
MPRegen 0.11/turn               l - +4 ring of protection

@: no status effects
A: large bone plates 2, powered by death 2
a: no special abilities


You were on level 7 of the Dungeon.
You visited 2 branches of the dungeon, and saw 8 of its levels.

You collected 364 gold pieces.

Inventory:

Armour
 j - a +0 leather armour of fire resistance (worn)
 m - a +0 cloak (worn)
 q - a +0 helmet (worn)
Jewellery
 k - a ring of poison resistance (left hand)
 l - a +4 ring of protection (right hand)
Wands
 s - a wand of digging (1)
 u - a wand of polymorph (20)
Scrolls
 a - a scroll of identify
 c - 3 scrolls of magic mapping {unknown}
 d - 2 scrolls of noise {unknown}
 e - 3 scrolls of teleportation {unknown}
 h - 2 scrolls of poison {unknown}
 i - a scroll of amnesia {unknown}
 v - a scroll of brand weapon {unknown}
Potions
 b - 2 potions of ambrosia
 f - a potion of might
 g - 2 potions of cancellation
 n - 4 potions of mutation
 o - 2 potions of flight
 p - a potion of brilliance
 t - a potion of haste


   Skills:
 - Level 3.0 Fighting
 + Level 2.7 Armour
 + Level 3.9 Dodging
 - Level 1.7 Stealth
 + Level 9.2 Unarmed Combat


You had 7 spell levels left.
You didn't know any spells.
Your spell library contained the following spells:

 Spells                   Type           Power      Damage    Failure   Level
 Apportation              Tloc           0%         N/A       38%         1
 Magic Dart               Conj           0%         1d3       38%         1
 Necrotise                Necr           0%         1d4       38%         1
 Shock                    Conj/Air       0%         1d3       38%         1
 Summon Small Mammal      Summ           0%         N/A       38%         1
 Scorch                   Fire           0%         2d5       54%         2
 Searing Ray              Conj           0%         2d4       54%         2
 Swiftness                Air            0%         N/A       77%         3
 Airstrike                Air            0%         2d(0-16)  99%         4
 Flame Wave               Conj/Fire      0%         2d4       99%         4
 Fulminant Prism          Conj/Hex       0%         3d6       99%         4
 Summon Cactus Giant      Summ           0%         N/A       100%        6


Dungeon Overview and Level Annotations

Branches:
Dungeon (7/15)             Temple (1/1) D:4

Altars:
Ashenzari
Cheibriados
Dithmenos
Fedhas
Gozag
Hepliaklqana
Nemelex Xobeh
Qazlal
Ru
Sif Muna
Trog
Uskayaw
Vehumet
Wu Jian
Xom
Yredelemnul

Shops:
D:1 [   D:5 :

Annotations:
D:7 Prince Ribbit


Innate Abilities, Weirdness & Mutations

You are mostly covered in large bone plates. (SH +6)
You regenerate health from kills.


Message History

The sky beast is moderately wounded.
The centaur shoots an arrow.
You block the arrow. The sky beast closely misses you.
You barely miss the sky beast. You punch the sky beast.
The sky beast is moderately wounded.
You block the sky beast's attack.
You punch the sky beast!
The sky beast is severely wounded.
The centaur shoots an arrow.
The arrow barely misses you.
An iguana comes into view.
You block the sky beast's attack.
The centaur shoots an arrow.
The arrow hits you!
The iguana hisses angrily.
The sky beast misses you. The sky beast attacks as you move away!
The sky beast hits you. The sky beast shocks you.
You closely miss the sky beast.
The sky beast is severely wounded.
The sky beast hits you but does no damage.
You hit the sky beast but do no damage.
The sky beast is severely wounded.
The centaur unwields a +0 shortbow.
The centaur wields a +0 vorpal war axe.
The centaur hits you with a +0 vorpal war axe!
* * * LOW HITPOINT WARNING * * *
The centaur completely misses you.
You completely miss the sky beast. Your punch misses the sky beast.
The sky beast is severely wounded.
The sky beast misses you.
The centaur hits you with a +0 vorpal war axe!
* * * LOW HITPOINT WARNING * * *
x2 The centaur kicks you.
* * * LOW HITPOINT WARNING * * *
It was a potion of magic.
Magic courses through your body. You block the sky beast's attack.
You block the centaur's attack. The centaur completely misses you.
You feel better.
The centaur hits you with a +0 vorpal war axe!
* * * LOW HITPOINT WARNING * * *
x2 The centaur kicks you.
You die...

..# #.## ..###$..[.... ###
#.._ #..##...#.... #### ....
####........... .
...####'####..##........♣ ..
)..........#...#........♣...
)..........##..........P....
).............#####.........
.............##..c#......[..
..........##....@Y.l.~?.....
........####....##........#.
..........###.###.........#
..........##..##........###
.......##.##...#.........#
#............#####....)....
#.#...........##......####..
.....#.#..............# #.
.....###....(##.


You could see a sky beast, a centaur and an iguana.

Vanquished Creatures
  A water moccasin (D:5)
  2 black bears (D:6)
  An ogre (D:4)
  A sky beast (D:7)
  A centaur (D:7)
  A phantom (D:4)
  4 scorpions
  A howler monkey (D:6)
  3 hounds
  A jelly (D:5)
  6 iguanas
  3 orc wizards (D:7)
  Robin (D:2)
  A gnoll (D:1)
  11 adders
  A white imp (D:6)
  2 worms
  2 dart slugs
  8 orcs
  6 ball pythons
  3 endoplasms
  2 giant cockroaches
  18 goblins
  13 hobgoblins
  11 jackals (D:4)
  8 kobolds
  3 quokkas
  2 bats (D:1)
  2 frilled lizards
  8 rats
127 creatures vanquished.

Vanquished Creatures (others)
  4 fungi (D:2)
4 creatures vanquished.

Grand Total: 131 creatures vanquished

Notes
Turn   | Place    | Note
-------+----------+-------------------------------------------
     0 | D:1      | Araneus the Demonspawn Monk began the quest for the Orb.
     0 | D:1      | Reached XP level 1. HP: 18/18 MP: 1/1
   142 | D:1      | Reached skill level 3 in Unarmed Combat
   237 | D:1      | Gained mutation: You are partially covered in large bone
                  | plates. (SH +4) [demonic ancestry]
   237 | D:1      | Reached XP level 2. HP: 20/24 MP: 2/2
   846 | D:1      | Found Giacequr's Antique Armour Emporium.
   878 | D:1      | Gained mutation: You regenerate a little health from kills.
                  | [demonic ancestry]
   878 | D:1      | Reached XP level 3. HP: 26/29 MP: 3/3
  1111 | D:2      | Reached skill level 4 in Unarmed Combat
  1522 | D:2      | Reached XP level 4. HP: 35/35 MP: 4/4
  1827 | D:2      | Noticed Robin
  1845 | D:2      | Killed Robin
  1892 | D:2      | Reached skill level 5 in Unarmed Combat
  2224 | D:3      | Noticed a shining eye
  2226 | D:3      | Found a faded altar of an unknown god.
  2228 | D:3      | Noticed a floating eye
  2228 | D:3      | Noticed an eye of devastation
  2228 | D:3      | Noticed a floating eye
  2548 | D:3      | Found a sparkling altar of Nemelex Xobeh.
  2802 | D:4      | Gained mutation: You are mostly covered in large bone
                  | plates. (SH +6) [demonic ancestry]
  2802 | D:4      | Reached XP level 5. HP: 40/41 MP: 5/5
  3058 | D:4      | Noticed an ogre
  3079 | D:4      | Killed an ogre
  3080 | D:4      | Reached skill level 6 in Unarmed Combat
  3080 | D:4      | Reached XP level 6. HP: 47/47 MP: 6/6
  3215 | D:4      | Found a staircase to the Ecumenical Temple.
  3232 | Temple   | Entered the Ecumenical Temple
  4081 | D:5      | Entered Level 5 of the Dungeon
  4152 | D:5      | Reached skill level 7 in Unarmed Combat
  4351 | D:5      | Gained mutation: You regenerate health from kills. [demonic
                  | ancestry]
  4351 | D:5      | Reached XP level 7. HP: 34/52 MP: 7/7
  4520 | D:5      | Found Jainubb's Book Shoppe.
  4801 | D:5      | Reached skill level 8 in Unarmed Combat
  5080 | D:6      | Reached skill level 1 in Armour
  5128 | D:6      | Found a broken altar of Ashenzari.
  5421 | D:6      | Reached XP level 8. HP: 58/58 MP: 8/8
  5849 | D:7      | Reached skill level 9 in Unarmed Combat
  6013 | D:7      | Noticed Prince Ribbit
  6042 | D:7      | HP: 1/58 [centaur/+0 vorpal war axe (2)]
  6042 | D:7      | Slain by a centaur

Illustrated notes

Levels and vault maps discovered:
D:1:      matt_arrival_refuge, layout_rooms, serial_shops, shop_fountains
D:2:      minmay_inner_zag, layout_basic, dreamdust_mushroom_princess,
          uniq_robin
D:3:      layout_loops_ring, old_standard_altar,
          hellmonk_ecumenical_altar_watching_god, nicolae_underground_beach
D:4:      layout_basic, minmay_temple_entry_offerings, minivault_11
D:5:      layout_basic, serial_shops, nicolae_shop_stone
D:6:      layout_loops_ring, kennysheep_little_box
D:7:      layout_cave_pools, zin_treasury, grunt_temple_overflow_diamond,
          kennysheep_minor_cross, nicolae_zen_rock_garden, serial_park_tiny_2,
          dk_noncrumbling_3, uniq_maggie, uniq_joseph, uniq_prince_ribbit1
Temple:   compressed_dpeg_triangle_lava_temple

Skill      XL: |  1  2  3  4  5  6  7  8 |
---------------+-------------------------+-----
Unarmed Combat | 3 4 5 6 7 8 9 |  9.2
Dodging        | 3 |  3.9
Armour         | 1 2 |  2.7
Fighting       | |  3.0
Stealth        | |  1.7

Action                   |  1- 3 |  4- 6 |  7- 9 || total
-------------------------+-------+-------+-------++-------
Melee: Unarmed           |   136 |   246 |   158 ||   540
       Punch             |     7 |     7 |    15 ||    29
  Use: Potion            |     1 |     2 |     4 ||     7
       Scroll            |       |     7 |       ||     7
 Stab: Sleeping          |     6 |     9 |     3 ||    18
       Distracted        |     2 |       |       ||     2
Armor: Robe              |    23 |    62 |       ||    85
       Skin              |     1 |       |       ||     1
       Leather armour    |       |     8 |    58 ||    66
Dodge: Dodged            |    72 |   135 |    76 ||   283
Block: Other             |    14 |    47 |    47 ||   108
